 Dungeon Crawl Stone Soup version 0.20.0-15-g7f486f2 (webtiles) character file.

77 renl the Cudgeler (level 4, -2/37 HPs)
             Began as a Draconian Skald on June 22, 2017.
             Slain by an ooze (3 damage)
             ... on level 2 of the Dungeon.
             The game lasted 00:05:19 (864 turns).

renl the Cudgeler (Draconian Skald)                  Turns: 864, Time: 00:05:19

Health: -2/37      AC:  1    Str: 13    XL:     4   Next: 13%
Magic:  1/7        EV: 12    Int: 15    God:
Gold:   79         SH:  0    Dex: 10    Spells: 1/7 levels left

rFire    . . .     SeeInvis .   a - +0 mace
rCold    . . .     Gourm    .   (no shield)
rNeg     . . .     Faith    .   (armour unavailable)
rPois    .         Spirit   .   (helmet restricted)
rElec    .         Reflect  .   (no cloak)
rCorr    .         Harm     .   (no gloves)
MR       .....                  (no boots)
Stlth    ..........             (no amulet)
Regen    0.2/turn               d - ring of loudness (curse)
MPRegen  0.1/turn               (no ring)

@: corroded, very slightly contaminated
A: unfitting armour, cold-blooded, AC +5
a: no special abilities


You were on level 2 of the Dungeon.
You were not hungry.

You visited 1 branch of the dungeon, and saw 2 of its levels.

You collected 79 gold pieces.

Inventory:

Hand Weapons
 a - a +0 mace (weapon)
Jewellery
 d - a cursed ring of loudness (left hand)
Scrolls
 e - a scroll of recharging
 h - a scroll of magic mapping {unknown}
 i - a scroll of teleportation {unknown}
 j - a scroll of identify {unknown}
 k - a scroll of immolation {unknown}
Potions
 l - a potion of degeneration {unknown}
 o - a potion of ambrosia {unknown}
Books
 b - a book of Battle

   Spells                             Type                      Level
   a - Infusion                       Charms                       1
   b - Shroud of Golubria             Charms/Translocation         2
   c - Song of Slaying                Charms                       2
   d - Spectral Weapon                Hexes/Charms                 3
   e - Regeneration                   Charms/Necromancy            3
Comestibles
 c - a bread ration
 f - 2 royal jellies
 g - 3 meat rations
 m - 4 chunks of flesh
 n - a fruit


   Skills:
 * Level 2.8 Fighting
 * Level 3.1 Maces & Flails
 + Level 2.4 Dodging
 + Level 2.2 Spellcasting
 * Level 3.1 Charms
 + Level 0.6 Translocations


You had one spell level left.
You knew the following spells:

 Your Spells              Type           Power        Failure   Level  Hunger
a - Infusion              Chrm           ##..         6%          1    #......
b - Shroud of Golubria    Chrm/Tloc      #.........   16%         2    ###....
c - Regeneration          Chrm/Necr      #.........   34%         3    ###....


Dungeon Overview and Level Annotations

Branches:
Dungeon (2/15)

Altars:


Innate Abilities, Weirdness & Mutations

Your plain brown scales are hard. (AC +5)
You cannot fit into any form of body armour.
You are cold-blooded and may be slowed by cold attacks.


Message History

The jelly hits you. The acid corrodes you!
You are splashed with acid!
The acid burns!
The ooze barely misses you.
The ooze hits the fungus.
The ooze hits the fungus but does no damage.
The ooze hits the fungus. x3; The jelly hits you.
You are splashed with acid!
The acid burns!
* * * LOW HITPOINT WARNING * * *
The ooze hits you.
* * * LOW HITPOINT WARNING * * *
The ooze hits the fungus. x2
You hit the ooze.
The ooze is moderately wounded.
The ooze hits the fungus. x3
The fungus is destroyed!
The jelly closely misses you. The ooze barely misses you.
The ooze hits the fungus. x2
As you read the scroll labeled OWKICI OXYMM, it crumbles to dust.
It is a scroll of recharging.
You aren't carrying any rechargeable items.
The jelly closely misses you. The ooze hits you.
You die...

..##.......#
#.......#
#.......#
#....####
#....'..##
########.#
##...†..##
##J#######
#@PJJ...÷.
#JJJ....P.
#JJJ..P...
#J..P...P.
#....÷....
#....÷...)
##########


You could see 2 jellies and 8 oozes.

Vanquished Creatures
  Jessica (D:2)
  2 adders (D:2)
  A worm (D:2)
  4 bats
  A giant cockroach (D:1)
  5 goblins
  4 hobgoblins
  A frilled lizard (D:1)
  10 kobolds
  3 rats
32 creatures vanquished.

Vanquished Creatures (others)
  A fungus (D:2)
  13 toadstools (D:2)
14 creatures vanquished.

Grand Total: 46 creatures vanquished

Notes
Turn   | Place    | Note
-------+----------+-------------------------------------------
     0 | D:1      | renl the Draconian Skald began the quest for the Orb.
     0 | D:1      | Reached XP level 1. HP: 17/17 MP: 3/3
    62 | D:1      | Reached XP level 2. HP: 10/25 MP: 1/5
    66 | D:1      | Learned a level 2 spell: Shroud of Golubria
   694 | D:2      | Reached XP level 3. HP: 28/30 MP: 0/6
   702 | D:2      | Learned a level 3 spell: Regeneration
   793 | D:2      | Noticed Jessica
   803 | D:2      | Killed Jessica
   803 | D:2      | Reached XP level 4. HP: 23/37 MP: 1/7
   862 | D:2      | HP: 1/37 [ooze (3)]
   864 | D:2      | Slain by an ooze

Skill      XL: |  1  2  3 |
---------------+----------+-----
Charms         | 3 |  3.1
Maces & Flails | 3 |  3.1
Fighting       | |  2.8
Dodging        | |  2.4
Spellcasting   | |  2.2
Translocations | |  0.6

Action                   |  1- 3 |  4- 6 || total
-------------------------+-------+-------++-------
Melee: Mace              |   111 |    21 ||   132
       Tailslap          |     5 |     3 ||     8
 Cast: Infusion          |     3 |       ||     3
       Shroud of Golubri |    10 |     2 ||    12
  Use: Scroll            |       |     1 ||     1
  Eat: Chunk             |     1 |       ||     1
Armor: Skin              |    48 |     7 ||    55
Dodge: Dodged            |    90 |    19 ||   109
